 Dungeon Crawl Stone Soup version 0.31.0-11-ge490571c62 (webtiles) character file.

Game seed: 11366131059621788173

68 Gadfly the Insei (level 4, 21/35 HPs)
             Began as a Demonspawn Monk on Feb 2, 2024.
             Quit the game on level 2 of the Dungeon.
             The game lasted 00:02:35 (861 turns).

Gadfly the Insei (Demonspawn Monk)                   Turns: 861, Time: 00:02:36

Health: 21/35      AC:  3    Str: 13    XL:     4   Next: 1%
Magic:  4/4        EV: 13    Int: 11    God:
Gold:   51         SH:  0    Dex: 15    Spells: 3/3 levels left

rFire   . .          .
                       - Unarmed
rCold   . . .        c - orb {light}
rNeg    . . .        a - +1 robe
rPois   .            (no helmet)
rElec   .            (no cloak)
rCorr   .            (no gloves)
SInv    .            (no boots)
Will    .....        (no amulet)
Stlth   +            (no ring)
HPRegen 0.25/turn    (no ring)
MPRegen 0.09/turn

%: no passive effects
@: glowing
A: hooves 1, demonic magic 1
a: no special abilities


You were on level 2 of the Dungeon.
You visited 1 branch of the dungeon, and saw 2 of its levels.

You collected 51 gold pieces.

Inventory:

Armour
 a - a +1 robe (worn)
 c - an orb of light (worn)
Scrolls
 e - a scroll of teleportation {unknown}
Potions
 b - a potion of ambrosia
 d - 3 potions of curing
 f - a potion of lignification {unknown}


   Skills:
 - Level 3.0 Fighting
 + Level 3.0 Dodging
 * Level 3.3 Unarmed Combat
 * Level 1.6 Evocations
 * Level 1.4 Shapeshifting


You had 3 spell levels left.
You didn't know any spells.
Your spell library contained the following spells:

 Spells                   Type           Power      Damage    Failure   Level
 Apportation              Tloc           0%         N/A       34%         1
 Necrotise                Necr           0%         1d4       34%         1
 Sting                    Conj/Alch      0%         1d3       34%         1
 Summon Small Mammal      Summ           0%         N/A       34%         1


Dungeon Overview and Level Annotations

Branches:
Dungeon (2/15)

Altars:


Innate Abilities, Weirdness & Mutations

You have large cloven feet.
Spells you cast may paralyse adjacent enemies.


Message History

The adder bites you.
The rat twitches its whiskers.
The rat closely misses you.
You completely miss the adder.
The adder is heavily wounded.
The adder barely misses you. The rat bites you.
The adder bites you but does no damage.
You hit the adder but do no damage.
The adder is heavily wounded.
Jessica mumbles some strange words.
Jessica blinks!
The rat bites you but does no damage. The adder bites you.
You hit the adder. You kick the adder.
The adder is almost dead.
The adder misses you. The rat barely misses you.
You hit the adder.
You kill the adder!
The rat closely misses you.
You hit the rat.
You kill the rat!
You hit Jessica but do no damage. You kick Jessica, but do no damage.
Jessica mumbles some strange words.
Jessica seems to speed up.
You hit Jessica.
Jessica is moderately wounded.
Jessica barely misses you. Jessica hits you with a +0 dagger.
You hit Jessica.
Jessica is almost dead.
Jessica mumbles some strange words.
Jessica blinks!
Jessica gestures wildly while chanting.
Jessica blinks!
Jessica hits you with a +0 dagger.
You hit Jessica.
You kill Jessica!
A giant cockroach comes into view.
Your Dodging skill increases to level 3!
You have reached level 4!
You feel clever.
Your demonic ancestry asserts itself...
A menacing aura infuses your magic.
Are you sure you want to abandon this character and quit the game? (Confirm with "yes".)

#.#.# #.. #.#.#
#.. #.#.# ....
#.#.# .....
#.#.#
.....###.#'####
#..........#
#....†.....#
#..$@......+
#...)......#
#..........!.
#..........###
#..........#
....[..[...#
............#
B............#


You could see a giant cockroach (wandering).

Vanquished Creatures
  Jessica (D:2)
  An adder (D:2)
  2 dart slugs (D:1)
  An endoplasm (D:1)
  4 giant cockroaches (D:1)
  2 goblins (D:1)
  4 hobgoblins (D:1)
  A jackal (D:1)
  A quokka (D:1)
  4 ball pythons (D:1)
  2 bats (D:1)
  2 frilled lizards (D:1)
  A kobold (D:1)
  4 rats
30 creatures vanquished.

Notes
Turn   | Place    | Note
-------+----------+-------------------------------------------
     0 | D:1      | Gadfly the Demonspawn Monk began the quest for the Orb.
     0 | D:1      | Reached XP level 1. HP: 18/18 MP: 1/1
    74 | D:1      | Gained mutation: You have large cloven feet. [demonic
                  | ancestry]
    74 | D:1      | Reached XP level 2. HP: 6/24 MP: 2/2
   203 | D:1      | Reached skill level 1 in Evocations
   421 | D:1      | Reached skill level 1 in Shapeshifting
   496 | D:1      | Reached XP level 3. HP: 28/29 MP: 3/3
   844 | D:2      | Noticed Jessica
   860 | D:2      | Killed Jessica
   861 | D:2      | Gained mutation: Spells you cast may paralyse adjacent
                  | enemies. [demonic ancestry]
   861 | D:2      | Reached XP level 4. HP: 21/35 MP: 4/4
   861 | D:2      | Quit the game

Illustrated notes

Levels and vault maps discovered:
D:1:      ldierk_walled_garden, layout_loops_ring, minmay_cut_off
D:2:      layout_basic, chequers_serial_rivers_micro_e, uniq_jessica

Skill      XL: |  1  2  3 |
---------------+----------+-----
Evocations     | 1 |  1.6
Unarmed Combat | 3 |  3.3
Shapeshifting  | 1 |  1.4
Dodging        | 3 |  3.0
Fighting       | |  3.0

Action                     |  1- 3 |  4- 6 || total
---------------------------+-------+-------++-------
  Melee: Unarmed           |    93 |       ||    93
         Kick              |    16 |       ||    16
    Use: Scroll            |     2 |       ||     2
 Armour: Robe              |    46 |       ||    46
  Dodge: Dodged            |    58 |       ||    58
